cohdb
Replays
Latest Replays
All Replays
Popular Replays
Top Player Replays
Match Explorer
How It Works
Community
CoH3 Stats
Reddit
Sign in to upload your games and track your stats! →
Sign in with Steam
Match 37415293
Unlisted
Match 37415293
Overview
Messages
Build Orders
End
Construct Barracks
Selects Advanced Infantry Battlegroup
Riflemen Squad
Riflemen Squad
Riflemen Squad
Grenade Package
Infantry Support Center
Construct Medical Station
M1918 Browning Automatic Rifles
Engineer Squad
Selects Convert to Ranger Squad
Selects Frontline Medical Station
Selects Ammunition Storage
Frontline Medical Station
Construct Motor Pool
Frontline Medical Station
Advanced Logistics
M24 Chaffee Light Tank
我是人ds
Miudai
guludu
Elysia
R19
嫂子开门我是我哥
皮皮
Komrad Dyatlov
0
0
Comments
sign in to comment!
No comments posted yet!